 Dungeon Crawl Stone Soup version 0.21-a0-201-g8501b10 (webtiles) character file.

2453 Lavandula the Ruffian (level 9, -5/70 (71) HPs)
             Began as a Ghoul Ice Elementalist on Aug 18, 2017.
             Was a Believer of Cheibriados.
             Slain by an orc knight
             ... wielding a +0 halberd
              (20 damage)
             ... in a bailey.
             The game lasted 00:37:29 (4525 turns).

Lavandula the Ruffian (Ghoul Ice Elementalist)      Turns: 4525, Time: 00:37:29

HP:   -5/70 (71)    AC: 12    Str: 16    XL:     9   Next: 50%
MP:   0/14          EV: 20    Int: 19    God:    Cheibriados [**....]
Gold: 495           SH:  0    Dex: 19    Spells: 1/16 levels left

rFire    . . .     SeeInvis .     - Unarmed
rCold    + . .     Gourm    .   (no shield)
rNeg     + + +     Faith    .   B - +0 troll leather armour
rPois    ∞         Spirit   .   f - +1 helmet {Int+3}
rElec    .         Reflect  .   (no cloak)
rCorr    .         Harm     .   (no gloves)
MR       .....                  (no boots)
Stlth    +++.......             (no amulet)
HPRegen  0.00/turn              (no ring)
MPRegen  0.14/turn              (no ring)

@: agile, icy armour, flying, very slightly contaminated, rotting, very slow
A: rotting body, claws 1, carnivore 3, cold resistance 1, negative energy
resistance 3, inhibited regeneration, torment resistance, unbreathing
a: Bend Time, Renounce Religion


You were in a bailey.
You worshipped Cheibriados.
Cheibriados was pleased with you.
You were very hungry.

You visited 2 branches of the dungeon, and saw 9 of its levels.
You also visited: Bailey.

You collected 495 gold pieces.

Inventory:

Hand Weapons
 h - a +4 great sword of distortion
Armour
 a - a +0 robe
 f - a +1 helmet of intelligence (worn)
 n - a +0 helmet
 s - a +0 crystal plate armour
 z - a +0 scale mail
 B - a +0 troll leather armour (worn)
Wands
 o - a wand of confusion (0/48)
 r - a wand of polymorph (7/24)
 y - a wand of iceblast (0/15)
Scrolls
 d - 3 scrolls of enchant weapon
 e - a scroll of fog
 q - a scroll of amnesia
 C - a scroll of remove curse
Potions
 i - a potion of lignification {unknown}
 j - a potion of berserk rage {unknown}
 k - a potion of brilliance {unknown}
 l - a potion of heal wounds {unknown}
 m - 2 potions of curing
 t - a potion of ambrosia {unknown}
 v - a potion of invisibility {unknown}
Books
 b - a book of Frost

   Spells                             Type                      Level
   a - Freeze                         Ice                          1
   b - Throw Frost                    Conjuration/Ice              2
   c - Ozocubu's Armour               Charms/Ice                   3
   d - Throw Icicle                   Conjuration/Ice              4
   e - Summon Ice Beast               Ice/Summoning                4
 u - a book of Conjurations

   Spells                             Type                      Level
   a - Magic Dart                     Conjuration                  1
   b - Searing Ray                    Conjuration                  2
   c - Dazzling Spray                 Conjuration/Hexes            3
   d - Fulminant Prism                Conjuration/Hexes            4
   e - Force Lance                    Conjuration/Translocation    4
   f - Iskenderun's Mystic Blast      Conjuration                  4
 x - a book of Cantrips

   Spells                             Type                      Level
   a - Confusing Touch                Hexes                        1
   b - Animate Skeleton               Necromancy                   1
   c - Summon Small Mammal            Summoning                    1
   d - Apportation                    Translocation                1
Comestibles
 c - 5 meat rations
 p - 2 royal jellies


   Skills:
 - Level 3.7 Fighting
   Level 0.1 Short Blades
 - Level 5.0 Dodging
 - Level 2.1 Stealth
 - Level 7.7 Unarmed Combat
 + Level 4.4 Spellcasting
 - Level 0.7 Conjurations
 - Level 3.1 Summonings
 - Level 6.5 Ice Magic


You had one spell level left.
You knew the following spells:

 Your Spells              Type           Power        Failure   Level  Hunger
a - Freeze                Ice            ####         1%          1    None
b - Ozocubu's Armour      Chrm/Ice       ###.....     13%         3    ###....
c - Throw Frost           Conj/Ice       ###...       5%          2    #......
d - Summon Ice Beast      Ice/Summ       ###.....     22%         4    ####...
e - Dazzling Spray        Conj/Hex       #.....       38%         3    ###....
f - Animate Skeleton      Necr           N/A          16%         1    None
g - Apportation           Tloc           #.....       16%         1    None


Dungeon Overview and Level Annotations

Branches:
Dungeon (8/15)             Temple (1/1) D:5
   Lair: D:8-11

Altars:
Ashenzari
Cheibriados
Dithmenos
Elyvilon
Fedhas
Gozag
Nemelex Xobeh
Okawaru
Ru
Sif Muna
Trog
Uskayaw
Vehumet
Wu Jian
Xom
Yredelemnul
Zin
The Shining One

Shops:
D:7 (

Annotations:
D:2 Sigmund
D:8 Prince Ribbit


Innate Abilities, Weirdness & Mutations

Your body is rotting away.
You thrive on raw meat.
You are immune to poison.
You have sharp fingernails.
You are carnivorous and can eat meat at any time.
Your flesh is cold resistant. (rC+)
You are immune to negative energy. (rN+++)
You do not regenerate when monsters are visible.
You are immune to unholy pain and torment.
You can survive without breathing.


Message History

You scratch the orc knight.
The orc knight is severely wounded.
The orc knight hits you with a halberd!!
Casting: Throw Frost
Confirm with . or Enter, or press ? or * to list all spells.
Aiming: Freeze
Press: ? - help, Shift-Dir - straight line, f/p - orc knight
Aim: an orc knight, wielding a halberd and wearing a scale mail (severely wounded)
Okay, then.
Casting: Freeze
Confirm with . or Enter, or press ? or * to list all spells.
A film of ice covers your body! The orc knight hits you with a halberd!
* * * LOW HITPOINT WARNING * * *
Okay, then.
It was a potion of flight.
You feel very buoyant.
You fly up into the air.
Okay, then.
The orc knight hits you with a halberd!!
You die...

##..≈≈.....≈≈..##
######..≈≈..###..≈≈..##########
.......≈≈..## ##..≈≈..........#
≈≈≈≈≈≈≈≈..##.∩.##..≈≈≈≈≈≈≈≈≈≈.#
....)).).##.....##....).....≈.#
#############'###'#########.≈.#
##.... ##.........##.....##)≈.#
.##o..##..≈§≈≈≈≈§o.##...##..≈.#
..## #o..≈≈...).@≈..##.##..≈≈.#
≈).# #..≈≈..⌠⌠⌠.§≈≈.)#'#..≈≈.∩#
≈..# #..§≈...⌠.))≈≈..#'#..≈≈.##
..## ##..≈≈.....§≈).'#.##..≈≈.#
.## ##..≈≈§≈≈≈≈..##...##..≈.#
##.$$ ##.........##.....##.≈.#
##### #####'#############.≈.#
)##### #.....##..........≈.#
≈≈≈≈≈#######...##..≈≈≈≈≈≈≈≈≈≈.#


You could see an orc knight.

Vanquished Creatures
  A hippogriff (D:8)
  Menkaure (D:7)
  A water moccasin (D:6)
  A phantom (D:5)
  6 orc warriors (Bailey)
  A necrophage (D:7)
  2 ogres
  A centaur (D:6)
  A bullfrog (D:6)
  A scorpion (D:4)
  A howler monkey (D:6)
  2 hounds (D:5)
  A gnoll shaman (D:4)
  3 orc priests (D:4)
  3 orc wizards
  3 iguanas
  8 worker ants
  A hound skeleton (D:4)
  Robin (D:3)
  2 gnolls (D:4)
  11 adders
  An ooze (D:4)
  4 worms
  3 leopard geckos
  22 orcs
  4 bats
  A giant cockroach (D:4)
  A goblin (D:3)
  6 hobgoblins
  3 jackals
  4 quokkas
  3 frilled lizards
  A jackal skeleton (D:7)
  5 kobolds
  4 rats
114 creatures vanquished.

Vanquished Creatures (collateral kills)
  A troll (D:6)
  An orc warrior (Bailey)
  2 ogres
  3 gnolls (D:4)
  11 orcs
18 creatures vanquished.

Vanquished Creatures (others)
  8 goblins (D:3)
  4 hobgoblins (D:3)
12 creatures vanquished.

Grand Total: 144 creatures vanquished

Notes
Turn   | Place    | Note
-------+----------+-------------------------------------------
     0 | D:1      | Lavandula the Ghoul Ice Elementalist began the quest for the Orb.
     0 | D:1      | Reached XP level 1. HP: 14/14 MP: 2/2
   204 | D:1      | Reached XP level 2. HP: 18/20 MP: 0/4
   293 | D:2      | Noticed Sigmund
   436 | D:3      | Reached XP level 3. HP: 25/26 MP: 0/5
   441 | D:3      | Learned a level 3 spell: Ozocubu's Armour
   444 | D:3      | Learned a level 2 spell: Throw Frost
   475 | D:3      | Found a faded altar of an unknown god.
   499 | D:3      | Noticed an ogre
   545 | D:3      | Killed an ogre
   545 | D:3      | Reached XP level 4. HP: 33/33 MP: 4/8
   545 | D:3      | Reached XP level 5. HP: 38/38 MP: 4/9
   576 | D:3      | Learned a level 4 spell: Summon Ice Beast
   644 | D:3      | Found a radiant altar of Vehumet.
   699 | D:4      | Noticed an ogre
   798 | D:3      | Reached skill level 1 in Unarmed Combat
   937 | D:3      | Noticed Robin
   987 | D:3      | Killed Robin
  1005 | D:3      | Reached skill level 2 in Unarmed Combat
  1245 | D:4      | Reached skill level 3 in Unarmed Combat
  1252 | D:4      | Reached XP level 6. HP: 36/45 MP: 3/10
  1412 | D:4      | Reached skill level 5 in Ice Magic
  1547 | D:4      | Reached skill level 1 in Summonings
  1557 | D:4      | Reached XP level 7. HP: 42/50 MP: 3/11
  1924 | D:5      | Entered Level 5 of the Dungeon
  1954 | D:5      | Found a staircase to the Ecumenical Temple.
  1985 | Temple   | Entered the Ecumenical Temple
  2037 | Temple   | Became a worshipper of Cheibriados the Contemplative
  2094 | D:5      | Found a shimmering altar of Xom.
  2130 | D:5      | Reached skill level 4 in Unarmed Combat
  2130 | D:5      | Reached XP level 8. HP: 13/57 MP: 7/12
  2166 | D:5      | Found a sparkling altar of Nemelex Xobeh.
  2239 | D:5      | Found a glowing golden altar of the Shining One.
  2240 | D:5      | Found an opulent altar of Gozag.
  2274 | D:5      | Reached skill level 5 in Unarmed Combat
  2281 | D:5      | Noticed Prince Ribbit
  2298 | D:6      | Found a radiant altar of Vehumet.
  2327 | D:6      | Found an ornate altar of the Wu Jian Council.
  2337 | D:6      | Reached skill level 1 in Fighting
  2397 | D:6      | Noticed a troll
  2485 | D:6      | Learned a level 1 spell: Apportation
  2487 | D:6      | Learned a level 1 spell: Animate Skeleton
  2719 | D:5      | Found a sparkling altar of Nemelex Xobeh.
  2787 | D:6      | Killed a troll
  2849 | D:6      | Reached skill level 6 in Unarmed Combat
  2871 | D:6      | Reached * piety under Cheibriados
  3006 | D:7      | Noticed Menkaure
  3015 | D:7      | Killed Menkaure
  3015 | D:7      | Reached skill level 7 in Unarmed Combat
  3089 | D:7      | Found Xoyjahou's Weapon Emporium.
  3092 | D:7      | fuck
  3120 | D:8      | Reached XP level 9. HP: 71/71 MP: 13/13
  3217 | D:8      | Found a flagged portal.
  3227 | Bailey   | Entered a bailey
  3247 | Bailey   | Learned a level 3 spell: Dazzling Spray
  3681 | Bailey   | Reached ** piety under Cheibriados
  4040 | Bailey   | Reached skill level 5 in Dodging
  4385 | Bailey   | Noticed an orc knight
  4525 | Bailey   | Slain by an orc knight

Vault maps used:
D:1:      saegor_arrival_simple_f
D:2:      uniq_sigmund, uniq_crazy_yiuf_cottage
D:3:      minmay_diamond_boxcup, fiery_altar_vehumet,
          chequers_ecumenical_altar_simple, first_bread, uniq_robin
D:4:      nrook_mini_backslash, minmay_unequal
D:5:      xom_butterflies, chequers_temple_overflow_statue_of_worship,
          temple_fountains, basic_altar, grunt_ministairs_12,
          lemuel_statue_altar, uniq_prince_ribbit1
D:6:      lemuel_doored_altar, basic_altar
D:7:      serial_shops, nicolae_shop_behind_doors, uniq_menkaure, uniq_duvessa
D:8:      enter_bailey_2
Temple:   dshaligram_water_room_temple
Bailey:   bailey_polearm_1, bailey

Skill      XL: |  1  2  3  4  5  6  7  8  9 |
---------------+----------------------------+-----
Spellcasting   | 2 3 4 |  4.4
Ice Magic      | 4 5 6 |  6.5
Unarmed Combat | 3 4 7 |  7.7
Summonings     | 2 3 |  3.1
Fighting       | 3 |  3.7
Dodging        | 5 |  5.0
Short Blades   | |  0.1
Stealth        | |  2.1
Conjurations   | |  0.7

Action                   |  1- 3 |  4- 6 |  7- 9 || total
-------------------------+-------+-------+-------++-------
Melee: Unarmed           |    16 |    83 |   187 ||   286
       Punch             |       |     2 |     3 ||     5
 Fire: Blowgun           |     8 |    11 |       ||    19
Throw: Throwing net      |       |       |     1 ||     1
 Cast: Freeze            |    24 |    57 |    77 ||   158
       Ozocubu's Armour  |       |     5 |    12 ||    17
       Throw Frost       |       |     1 |    32 ||    33
       Summon Ice Beast  |       |     1 |    27 ||    28
       Apportation       |       |       |     4 ||     4
       Animate Skeleton  |       |       |     2 ||     2
Evoke: Wand              |       |     1 |    13 ||    14
  Use: Scroll            |     1 |     3 |     7 ||    11
       Potion            |       |       |     3 ||     3
 Stab: Sleeping          |     1 |       |     1 ||     2
  Eat: Chunk             |     3 |    19 |    37 ||    59
       Royal jelly       |       |       |     1 ||     1
Armor: Robe              |     6 |    23 |    29 ||    58
       Troll leather arm |       |       |    53 ||    53
Dodge: Dodged            |    25 |    92 |   182 ||   299
